 Dungeon Crawl Stone Soup version 0.32-a0-411-g744942f433 (webtiles) character file.

Game seed: 13034073365710606913

191 CowFu the Chopper (level 5, -6/45 HPs)
             Began as a Mountain Dwarf Fighter on Feb 20, 2024.
             Mangled by Pikel
             ... wielding a +2 whip of electrocution
              (13 damage)
             ... on level 4 of the Dungeon.
             The game lasted 00:06:01 (2790 turns).

CowFu the Chopper (Mountain Dwarf Fighter)          Turns: 2790, Time: 00:06:02

Health: -6/45      AC:  9    Str: 21    XL:     5   Next: 42%
Magic:  14/14      EV:  7    Int:  8    God:
Gold:   193        SH:  4    Dex:  9    Spells: 4/4 levels left

rFire   . . .        a - +1 war axe (drain)
rCold   . . .        c - +0 buckler
rNeg    . . .        j - +0 chain mail
rPois   .            (no helmet)
rElec   .            (no cloak)
rCorr   .            (no gloves)
SInv    .            (no boots)
Will    +....        (no amulet) Stlth
                     i - ring of willpower
HPRegen 0.27/turn    l - ring of magical power
MPRegen 0.14/turn

%: no passive effects
@: no status effects
A: runic magic, artefact enchanting
a: no special abilities


You were on level 4 of the Dungeon.
You visited 1 branch of the dungeon, and saw 4 of its levels.

You collected 193 gold pieces.

Inventory:

Hand Weapons
 a - a +1 war axe of draining (weapon)
 b - a +0 flail
Armour
 c - a +0 buckler (worn)
 j - a +0 chain mail (worn)
Jewellery
 i - a ring of willpower (left hand)
 l - a ring of magical power (right hand)
Wands
 s - a wand of flame (6)
Scrolls
 e - a scroll of acquirement {unknown}
 f - 3 scrolls of summoning
 g - 2 scrolls of noise {unknown}
 h - 6 scrolls of teleportation
 k - a scroll of enchant weapon
 o - a scroll of enchant armour {unknown}
 q - a scroll of immolation
 r - a scroll of identify
Potions
 d - a potion of might
 m - 2 potions of curing
 n - a potion of degeneration {unknown}
 p - 2 potions of cancellation {unknown}


   Skills:
 - Level 3.2 Fighting
 + Level 6.9 Axes
 - Level 3.2 Armour
 - Level 3.2 Shields


You had 4 spell levels left.
You didn't know any spells.
Your spell library contained the following spells:

 Spells                   Type           Power      Damage    Failure   Level
 Apportation              Tloc           0%         N/A       65%         1
 Necrotise                Necr           0%         1d4       65%         1
 Sting                    Conj/Alch      0%         1d3       65%         1
 Summon Small Mammal      Summ           0%         N/A       65%         1
 Call Imp                 Summ           0%         N/A       78%         2
 Jinxbite                 Hex            0%         N/A       78%         2
 Sublimation of Blood     Necr           0%         N/A       78%         2
 Call Canine Familiar     Summ           0%         N/A       95%         3
 Sigil of Binding         Hex            0%         N/A       95%         3
 Dimensional Bullseye     Hex/Tloc       0%         N/A       100%        4
 Petrify                  Alch/Erth      0%         N/A       100%        4
 Irradiate                Conj/Alch      0%         3d11      100%        5
 Yara's Violent Unravell  Hex/Alch       0%         3d3       100%        5
 Enfeeble                 Hex            0%         N/A       100%        7
 Summon Hydra             Summ           0%         N/A       100%        7


Dungeon Overview and Level Annotations

Branches:
Dungeon (4/15)
 Temple: D:4-7

Altars:
Elyvilon
Xom

Annotations:
D:4 Pikel


Innate Abilities, Weirdness & Mutations

Your spellcasting is much less encumbered by armour.
You can use scrolls of enchantment on lesser artefacts.


Message History

You are too injured to fight recklessly!
You are too injured to fight recklessly!
You are too injured to fight recklessly!
You are too injured to fight recklessly!
You are too injured to fight recklessly!
You are too injured to fight recklessly!
You are too injured to fight recklessly!
You are too injured to fight recklessly!
You are too injured to fight recklessly!
You are too injured to fight recklessly!
You are too injured to fight recklessly!
You are too injured to fight recklessly!
You are too injured to fight recklessly!
You are too injured to fight recklessly!
You are too injured to fight recklessly!
You are too injured to fight recklessly!
You are too injured to fight recklessly!
You slash the lemure!
You kill the lemure!
That felt strangely unrewarding.
You slash the lemure!
The lemure is severely wounded.
You block the lemure's attack.
You slash the lemure!
You kill the lemure!
That felt strangely unrewarding.
You hit Pikel. You drain Pikel.
Pikel is lightly wounded.
Pikel hits you with a +2 whip of electrocution.
* * * LOW HITPOINT WARNING * * *
You slash Pikel!
Pikel is heavily wounded.
Pikel hits you but does no damage. Pikel barely misses you.
You miss Pikel.
Pikel is heavily wounded.
Pikel hits you with a +2 whip of electrocution!
* * * LOW HITPOINT WARNING * * *
You are electrocuted!
You die...
Pikel says, "Another soul for the market."

###########
#.......#..
##.#####.#.# ##..#
#.#.#
##...#####.#.#####
.................#
##...#####.#.###@#
##........#.# #K#
#.########.# #.#
#.# #.. .$. #+#
#####.## ... #.#
#.# ..#


You could see Pikel (drained).

Vanquished Creatures
  4 lemures (D:4)
  A jelly (D:4)
  Terence (D:2)
  Robin (D:2)
  3 adders
  A ribbon worm (D:2)
  2 dart slugs (D:1)
  3 orcs
  7 ball pythons
  3 endoplasms
  4 giant cockroaches
  5 goblins (D:2)
  7 hobgoblins
  4 bats
  3 frilled lizards
  6 kobolds
  4 rats
59 creatures vanquished.

Notes
Turn   | Place    | Note
-------+----------+-------------------------------------------
     0 | D:1      | CowFu the Mountain Dwarf Fighter began the quest for the
                  | Orb.
     0 | D:1      | Reached XP level 1. HP: 19/19 MP: 1/1
    14 | D:1      | Reached skill level 3 in Axes
    82 | D:1      | Reached XP level 2. HP: 24/26 MP: 2/2
   326 | D:1      | Reached skill level 4 in Axes
   568 | D:1      | Reached XP level 3. HP: 31/31 MP: 3/3
   989 | D:2      | Reached skill level 5 in Axes
  1271 | D:2      | Found a white marble altar of Elyvilon.
  1482 | D:2      | Noticed Terence
  1488 | D:2      | Killed Terence
  1489 | D:2      | Reached XP level 4. HP: 17/38 MP: 4/4
  1750 | D:2      | Noticed Robin
  1764 | D:2      | Killed Robin
  1871 | D:3      | Reached skill level 6 in Axes
  2175 | D:3      | Found a faded altar of an unknown god.
  2193 | D:3      | Reached XP level 5. HP: 45/45 MP: 5/5
  2368 | D:3      | Found a shimmering altar of Xom.
  2740 | D:4      | Noticed a lemure
  2740 | D:4      | Noticed a lemure
  2740 | D:4      | Noticed Pikel
  2741 | D:4      | Noticed a lemure
  2747 | D:4      | Noticed a lemure
  2751 | D:4      | Killed a lemure
  2771 | D:4      | Killed a lemure
  2785 | D:4      | Killed a lemure
  2787 | D:4      | Killed a lemure
  2790 | D:4      | Mangled by Pikel

Illustrated notes

Levels and vault maps discovered:
D:1:      minmay_arrival_diagonal_passages, layout_loops_ring, minmay_ruptured
D:2:      layout_basic, basic_altar, uniq_terence, uniq_robin
D:3:      layout_rooms, regret_index_xom_buried_treasure,
          hellmonk_ecumenical_altar_blasted, grunt_ministairs_12,
          minmay_bisected
D:4:      layout_loops_corners, mainiacjoe_overflow_alcove_4,
          mainiacjoe_overflow_alcove_2, serial_glass, glass_columns_a,
          glass_columns_b, kennysheep_generic_room_6, uniq_pikel

Skill      XL: |  1  2  3  4 |
---------------+-------------+-----
Axes           | 3 4 5 6 |  6.9
Fighting       | |  3.2
Armour         | |  3.2
Shields        | |  3.2

Action                     |  1- 3 |  4- 6 || total
---------------------------+-------+-------++-------
  Melee: War axe           |    75 |   129 ||   204
    Use: Scroll            |       |     9 ||     9
 Armour: Scale mail        |    63 |    19 ||    82
         Chain mail        |       |    65 ||    65
  Dodge: Dodged            |    24 |    41 ||    65
  Block: Buckler           |    12 |    20 ||    32

Table legend: (Time is in decaauts)
 A = Elapsed time spent in this place.
 B = Non-inter-level travel time spent in this place.
 C = Inter-level travel time spent in this place.
 D = Time resting spent in this place.
 E = Time spent auto-exploring this place.
 F = Levels seen in this place.
 G = Mean time per level.
                   A        B        C        D        E       F      G
               +--------+--------+--------+--------+--------+-----+--------+
         Total |   2840 |   2579 |    261 |      0 |   2085 |   4 |  710.0 |
       Dungeon |   2840 |   2579 |    261 |      0 |   2085 |   4 |  710.0 |
               +--------+--------+--------+--------+--------+-----+--------+

Top non-repeatable levels by time:
     D:2: 1221 daAuts
     D:3: 699 daAuts
     D:1: 666 daAuts
     D:4: 253 daAuts
